 Dungeon Crawl Stone Soup version 0.29-a0-330-g52719c12eb (webtiles) character file.

Game seed: 4191623594153609017

131 kae the Insei (level 4, -6/36 HPs)
             Began as a Draconian Transmuter on Apr 20, 2022.
             Mangled by Crazy Yiuf
             ... wielding a +4 quarterstaff of chaos
              (17 damage)
             ... on level 2 of the Dungeon.
             The game lasted 00:01:53 (2440 turns).

kae the Insei (Draconian Transmuter)                Turns: 2440, Time: 00:01:53

Health: -6/36      AC:  2    Str: 12    XL:     4   Next: 91%
Magic:  1/7        EV: 19    Int: 15    God:
Gold:   111        SH:  0    Dex: 17    Spells: 3/7 levels left

rFire   . . .      SeeInvis .     - Unarmed
rCold   . . .      Faith    .   (shield currently unavailable)
rNeg    . . .      Spirit   .   (body armour unavailable)
rPois   x          Reflect  .   (helmet currently unavailable)
rElec   .          Harm     .   (cloak currently unavailable)
rCorr   .          Rampage  .   (gloves currently unavailable)
Will    .....                   (boots currently unavailable)
Stlth   ++........              (no amulet)
HPRegen 0.12/turn               (no ring)
MPRegen 0.10/turn               (no ring)

@: spider-form (expiring), very slightly contaminated, hasted, very quick
A: venomous fangs, AC +5, tiny, unfitting armour, (cold-blooded)
a: End Transformation


You were on level 2 of the Dungeon.
You were a venomous arachnid creature.
You visited 1 branch of the dungeon, and saw 2 of its levels.

You collected 111 gold pieces.

Inventory:

Missiles
 g - a throwing net
Armour
 c - a +2 hat (melded)
 j - a +0 pair of gloves (melded)
Jewellery
 f - a ring of fire
Scrolls
 h - a scroll of teleportation
 i - a scroll of immolation {unknown}
Potions
 a - a potion of lignification
 b - a potion of berserk rage
 d - 2 potions of resistance
 e - a potion of heal wounds {unknown}


   Skills:
 + Level 1.9 Fighting
 + Level 2.2 Dodging
 * Level 3.8 Unarmed Combat
 + Level 2.3 Spellcasting
 * Level 3.2 Transmutations
 * Level 1.4 Poison Magic


You had 3 spell levels left.
You knew the following spells:

 Your Spells              Type           Power      Damage    Failure   Level
a - Beastly Appendage     Tmut           22%        N/A       16%         1
b - Spider Form           Tmut/Pois      8%         N/A       47%         3

Your spell library contained the following spells:

 Spells                   Type           Power      Damage    Failure   Level
 Wereblood                Tmut           11%        N/A       22%         2
 Ice Form                 Ice/Tmut       6%         N/A       88%         4


Dungeon Overview and Level Annotations

Branches:
Dungeon (2/15)

Altars:

Annotations:
D:2 Crazy Yiuf


Innate Abilities, Weirdness & Mutations

You are a venomous arachnid creature.
You have poisonous fangs.
You are tiny and dextrous.
Your spellcasting is less reliable in this form.
Your armour is entirely melded.
You are incapable of wielding weapons or throwing items.
((Your plain brown scales are hard. (AC +5)))
You cannot fit into any form of body armour.
((You are cold-blooded and may be slowed by cold attacks.))


Message History

Crazy Yiuf cries, "You leg down broken song, no?"
Could not explore, unopened runed door.
Could not explore, unopened runed door.
Could not explore, unopened runed door.
Casting: Beastly Appendage (safe; 5% risk of failure)
Confirm with . or Enter, or press ? or * to list all spells.
The spell is quite dangerous to miscast (26% risk of failure)!
Continue anyway? [Y]es or [N]o only, please.
The spell is quite dangerous to miscast (26% risk of failure)!
Continue anyway?
You miscast Spider Form.
You are very lightly contaminated with residual magic.
Nothing appears to happen.
Casting: Spider Form (quite dangerous; 26% risk of failure)
Confirm with . or Enter, or press ? or * to list all spells.
The spell is quite dangerous to miscast (26% risk of failure)!
Continue anyway? [Y]es or [N]o only, please.
The spell is quite dangerous to miscast (26% risk of failure)!
Continue anyway?
You turn into a venomous arachnid creature.
Your +2 hat melds into your body.
Your +0 pair of gloves melds into your body.
Crazy Yiuf says, "I'm not crazy!"
You open the door. You hit Crazy Yiuf but do no damage.
Crazy Yiuf is poisoned.
Crazy Yiuf hits you with a +4 quarterstaff of chaos!
You feel yourself speed up.
You hit Crazy Yiuf.
Crazy Yiuf looks as sick as possible!
Crazy Yiuf is lightly wounded.
You barely miss Crazy Yiuf.
Crazy Yiuf is lightly wounded.
Crazy Yiuf closely misses you.
You hit Crazy Yiuf.
Crazy Yiuf looks as sick as possible!
Crazy Yiuf is moderately wounded.
Crazy Yiuf hits you with a +4 quarterstaff of chaos!
You hit Crazy Yiuf.
Crazy Yiuf looks as sick as possible!
Crazy Yiuf is severely wounded.
Your transformation is almost over.
You hit Crazy Yiuf.
Crazy Yiuf looks as sick as possible!
Crazy Yiuf is almost dead.
Crazy Yiuf hits you with a +4 quarterstaff of chaos!
You die...

#....#..)..# #.#.#
.....#.....# #.#.#
...<.......# #.#.#
.....#..#### ##### ........#
.#.....###♣♣♣♣♣
.......#..P.♣.♣♣♣ ###
.....#.....P.♣..♣#...#
..#........P♣♣♣♣sg...#
..#...#....♣♣ ♣♣#..)#
.##.....##♣♣ ### ..#....##
..####..# #####
....###.################...#
....# #....#..........##.###
....####...#.###########.#
#.....##...#.#...........#


You could see Crazy Yiuf (extremely poisoned).

Vanquished Creatures
  A scorpion (D:2)
  3 adders (D:2)
  2 dart slugs (D:2)
  10 ball pythons
  4 endoplasms
  5 goblins
  3 hobgoblins
  A jackal (D:1)
  2 kobolds
  A quokka (D:1)
  4 bats
  4 frilled lizards
  3 rats (D:1)
43 creatures vanquished.

Notes
Turn   | Place    | Note
-------+----------+-------------------------------------------
     0 | D:1      | kae the Draconian Transmuter began the quest for the Orb.
     0 | D:1      | Reached XP level 1. HP: 16/16 MP: 3/3
   400 | D:1      | Reached XP level 2. HP: 22/23 MP: 5/5
  1022 | D:2      | Reached XP level 3. HP: 28/28 MP: 6/6
  1106 | D:2      | Learned a level 3 spell: Spider Form
  1368 | D:2      | Noticed a scorpion
  1392 | D:2      | Killed a scorpion
  1393 | D:2      | Reached skill level 1 in Poison Magic
  1393 | D:2      | Reached XP level 4. HP: 30/36 MP: 4/7
  1652 | D:2      | Found a faded altar of an unknown god.
  2226 | D:2      | Found a runed translucent door.
  2227 | D:2      | Noticed Crazy Yiuf
  2440 | D:2      | Mangled by Crazy Yiuf

Illustrated notes

Levels and vault maps discovered:
D:1:      erik_arrival_cave_to_civilisation [erik_arrival_cave_to_temple],
          layout_basic
D:2:      layout_basic, hellmonk_ecumenical_altar_pennies_from_heaven,
          minmay_domino_2, uniq_crazy_yiuf_cottage

Skill      XL: |  1  2  3 |
---------------+----------+-----
Dodging        | 2 |  2.2
Transmutations | 3 |  3.2
Poison Magic   | 1 |  1.4
Fighting       | |  1.9
Unarmed Combat | |  3.8
Spellcasting   | |  2.3

Action                   |  1- 3 |  4- 6 || total
-------------------------+-------+-------++-------
Melee: Unarmed           |    76 |    39 ||   115
       Kick              |    10 |     5 ||    15
       Punch             |     2 |       ||     2
       Tailslap          |    10 |     1 ||    11
       Headbutt          |     3 |     2 ||     5
 Cast: Beastly Appendage |    17 |     9 ||    26
       Spider Form       |     1 |     1 ||     2
  Use: Scroll            |     4 |     5 ||     9
Armor: Skin              |    28 |    10 ||    38
Dodge: Dodged            |    76 |    24 ||   100

Table legend: (Time is in decaauts)
 A = Elapsed time spent in this place.
 B = Non-inter-level travel time spent in this place.
 C = Inter-level travel time spent in this place.
 D = Time resting spent in this place.
 E = Time spent auto-exploring this place.
 F = Levels seen in this place.
 G = Mean time per level.
                   A        B        C        D        E       F      G
               +--------+--------+--------+--------+--------+-----+--------+
         Total |   2433 |   2317 |    116 |     34 |   1923 |   2 | 1216.5 |
       Dungeon |   2433 |   2317 |    116 |     34 |   1923 |   2 | 1216.5 |
               +--------+--------+--------+--------+--------+-----+--------+

Top non-repeatable levels by time:
     D:2: 1431 daAuts
     D:1: 1001 daAuts
